 Dungeon Crawl Stone Soup version 0.21-a0-352-g5b8f553 (webtiles) character file.

77 Coron the Skirmisher (level 4, -1/40 HPs)
             Began as a Deep Dwarf Venom Mage on Oct 11, 2017.
             Slain by a gnoll
             ... wielding a +0 club
              (2 damage)
             ... on level 1 of the Dungeon.
             The game lasted 00:04:57 (1456 turns).

Coron the Skirmisher (Deep Dwarf Venom Mage)        Turns: 1456, Time: 00:04:58

Health: -1/40      AC:  2    Str: 13    XL:     4   Next: 14%
Magic:  7/7        EV: 12    Int: 19    God:
Gold:   87         SH:  0    Dex: 13    Spells: 6/7 levels left

rFire    . . .     SeeInvis .   h - +0 hand axe (chop)
rCold    . . .     Gourm    .   (no shield)
rNeg     . . .     Faith    .   a - +0 robe
rPois    .         Spirit   .   (no helmet)
rElec    .         Reflect  .   (no cloak)
rCorr    .         Harm     .   (no gloves)
MR       .....                  (no boots)
Stlth    ++........             (no amulet)
HPRegen  0.00/turn              j - +4 ring of intelligence
MPRegen  0.10/turn              (no ring)

@: non-regenerating
A: damage resistance, heal wounds, sense surroundings 1, no regeneration
a: Heal Wounds


You were on level 1 of the Dungeon.
You were not hungry.

You visited 1 branch of the dungeon, and saw 2 of its levels.

You collected 87 gold pieces.

Inventory:

Hand Weapons
 h - a +0 hand axe of chopping (weapon)
Armour
 a - a +0 robe (worn)
 e - a +0 chain mail
Jewellery
 j - a +4 ring of intelligence (left hand)
Scrolls
 d - 2 scrolls of recharging
 g - 2 scrolls of identify
 k - 3 scrolls of teleportation
 l - a scroll of fear {unknown}
Potions
 m - a potion of curing {unknown}
Books
 b - a Young Poisoner's Handbook

   Spells                             Type                      Level
   a - Sting                          Conjuration/Poison           1
   b - Poisonous Vapours              Poison/Air                   2
   c - Mephitic Cloud                 Conjuration/Poison/Air       3
   d - Olgreb's Toxic Radiance        Poison                       4
   e - Venom Bolt                     Conjuration/Poison           5
Comestibles
 c - 2 bread rations
 f - 4 chunks of flesh


   Skills:
 + Level 2.8 Fighting
 - Level 2.2 Dodging
 - Level 2.5 Stealth
 - Level 2.3 Spellcasting
 - Level 1.0 Conjurations
 - Level 2.4 Poison Magic


You had 6 spell levels left.
You knew the following spells:

 Your Spells              Type           Power        Failure   Level  Hunger
a - Sting                 Conj/Pois      #...         9%          1    #......


Dungeon Overview and Level Annotations

Branches:
Dungeon (2/15)

Altars:


Innate Abilities, Weirdness & Mutations

You are resistant to damage.
You can heal yourself by infusing magical energy.
You passively map a small area around you.
You do not regenerate.


Message History

A gnoll comes into view. It is wielding a spear.
The gnoll shouts!
You hit the gnoll but do no damage. You barely miss the gnoll.
The gnoll barely misses you. The gnoll closely misses you.
The gnoll hits you but does no damage.
You hit the gnoll.
The gnoll is heavily wounded.
You hit the gnoll. The gnoll barely misses you. The gnoll hits you with a club!
The gnoll closely misses you. The gnoll hits you but does no damage.
You climb upwards.
There is a stone staircase leading down here.
You hit the gnoll.
The gnoll is severely wounded.
You hit the gnoll. The gnoll hits you with a club!
* * * LOW HITPOINT WARNING * * *
The gnoll hits you with a club!
* * * LOW HITPOINT WARNING * * *
Some of the chunks of flesh in your inventory have rotted away.
You fail to use your ability.
The gnoll hits you with a club.
You die...

### ### #.# #.######## #.#
##......... #.#
########..#######. #.#
#@g..)............ #.#
#g######..........
#.##############.######...##.###.
#.##.......................#.....
#.##.###########.....##....#.###.
#.##.#########.#.....##....#.###.
#.....................#..........
#.##.##.######...####.#...##.###.
#.##.##.######...####.#...##.#...


You could see 2 gnolls.

Vanquished Creatures
  A gnoll (D:1)
  2 adders (D:2)
  2 oozes
  2 dart slugs (D:1)
  A leopard gecko (D:1)
  A giant cockroach (D:2)
  3 goblins
  2 hobgoblins
  4 jackals (D:2)
  6 kobolds
  4 bats (D:1)
  5 frilled lizards
  5 rats
38 creatures vanquished.

Notes
Turn   | Place    | Note
-------+----------+-------------------------------------------
     0 | D:1      | Coron the Deep Dwarf Venom Mage began the quest for the Orb.
     0 | D:1      | Reached XP level 1. HP: 15/15 MP: 3/3
    50 | D:1      | Reached skill level 1 in Conjurations
   263 | D:1      | Reached XP level 2. HP: 14/22 MP: 0/5
   485 | D:1      | Reached skill level 1 in Fighting
   903 | D:1      | Reached XP level 3. HP: 13/31 MP: 6/6
  1426 | D:1      | Reached XP level 4. HP: 4/40 MP: 7/7
  1455 | D:1      | HP: 1/40 [gnoll/club (10)]
  1456 | D:1      | Slain by a gnoll

Vault maps used:
D:1:      matt_arrival_refuge
D:2:      chequers_ecumenical_altar_island, uniq_crazy_yiuf_cottage

Skill      XL: |  1  2  3 |
---------------+----------+-----
Conjurations   | 1 |  1.0
Spellcasting   | 2 |  2.3
Fighting       | 1 2 |  2.8
Dodging        | |  2.2
Stealth        | |  2.5
Poison Magic   | |  2.4

Action                   |  1- 3 |  4- 6 || total
-------------------------+-------+-------++-------
Melee: Unarmed           |    21 |       ||    21
       Hand axe          |    88 |     6 ||    94
 Cast: Sting             |    28 |       ||    28
 Abil: Heal Wounds       |     1 |     1 ||     2
  Use: Scroll            |     4 |       ||     4
       Potion            |     2 |       ||     2
 Stab: Sleeping          |     2 |       ||     2
  Eat: Chunk             |     2 |       ||     2
Armor: Robe              |    30 |     2 ||    32
Dodge: Dodged            |   105 |    11 ||   116

Table legend:
 A = Spawn XP
 B = Non-spawn XP
 C = Spawn XP percentage of total XP
 D = Spawn monster count
 E = Non-spawn monster count
 F = Spawn count percentage of total count
 G = Total turns spent on level
                    A         B        C        D         E        F      G
               +---------+---------+-------+---------+---------+-------+---------
         Total |       0 |     111 |   0.0 |       0 |      38 |   0.0 |  1456
               +---------+---------+-------+---------+---------+-------+---------
           D:1 |       0 |      59 |   0.0 |       0 |      24 |   0.0 |  1220
           D:2 |       0 |      52 |   0.0 |       0 |      14 |   0.0 |   236
               +---------+---------+-------+---------+---------+-------+---------
